 Dungeon Sprint DCSS version 0.25-a0-474-ga8a2ee3166 (webtiles) character file.

Game seed: 5647962607606844099, levelgen mode: deterministic

1230 ICC the Nimble (level 8, -9/64 HPs)
             Began as a Halfling Berserker on Feb 7, 2020.
             Was a High Priest of Trog.
             Mangled by a catoblepas (24 damage)
             ... in the Dungeon (Sprint IX: "|||||||||||||||||||||||||||||").
             The game lasted 00:03:04 (195 turns).

ICC the Nimble (Halfling Berserker)                  Turns: 195, Time: 00:03:05

Health: -9/64      AC:  9    Str: 18    XL:     8   Next: 77%
Magic:  8/8        EV: 21    Int:  8    God:    Trog [*****.]
Gold:   0          SH:  0    Dex: 16    Spells: 7/7 levels left

rFire    . . .     SeeInvis .   m - +2 scimitar (flame)
rCold    . . .     Gourm    .   (shield restricted)
rNeg     . . .     Faith    .   q - +0 ring mail
rPois    .         Spirit   .   a - +0 helmet
rElec    .         Reflect  .   (no cloak)
rCorr    .         Harm     .   (no gloves)
MR       ++...     NoTele   +   (no boots)
Stlth    +.........             (no amulet)
HPRegen  1.20/turn              n - +2 ring of protection
MPRegen  0.11/turn              o - +3 ring of intelligence

@: berserk cooldown, regenerating, slowed, very slow
A: small, mutation resistance 1
a: Berserk, Trog's Hand, Brothers in Arms, Renounce Religion


You were in the Dungeon.
You worshipped Trog.
Trog was extremely pleased with you.
You were very hungry.

You visited 1 branch

Inventory:

Hand Weapons
 m - a +2 scimitar of flaming (weapon)
 p - a +1 vorpal scimitar
Armour
 a - a +0 helmet (worn)
 q - a +0 ring mail (worn)
Jewellery
 n - a +2 ring of protection (left hand)
 o - a +3 ring of intelligence (right hand)
Wands
 l - a wand of iceblast (10)
Scrolls
 i - 2 scrolls of blinking
 k - 3 scrolls of remove curse
Potions
 d - 5 potions of curing
 e - a potion of invisibility
 f - a potion of haste
 g - 4 potions of magic
 h - a potion of berserk rage
 j - 2 potions of heal wounds
Comestibles
 c - a ration


   Skills:
 + Level 9.8 Fighting
 + Level 10.6 Long Blades
 + Level 5.7 Armour
 + Level 11.2 Dodging


You had 7 spell levels left.
You didn't know any spells.
Your spell library was empty.

Dungeon Overview and Level Annotations

Branches:
Dungeon (1/1)

Altars:
Cheibriados
Dithmenos
Elyvilon
Fedhas
Gozag
Hepliaklqana
Kikubaaqudgha
Makhleb
Nemelex Xobeh
Okawaru
Qazlal
Ru
Sif Muna
Trog
Uskayaw
Vehumet
Wu Jian
Xom
Yredelemnul
Zin
The Shining One
Beogh
Jiyva
Lugonu


Innate Abilities, Weirdness & Mutations

You are small and have problems with some larger weapons.
You are somewhat resistant to further mutation.


Message History

Trog accepts your kill.
Your Armour skill increases to level 5!
Your Dodging skill increases to level 11!
You hit the catoblepas but do no damage.
The catoblepas gores you!! The catoblepas closely misses you.
You riposte.
You hit the catoblepas but do no damage.
Your skin crawls.
You feel resistant to hostile enchantments.
You are feeling very hungry.
The catoblepas breathes a plume of calcifying dust at you.
The blast of calcifying dust hits you but does no damage.
Firing (i - inventory) No suitable missiles.
Press: ? - help, Shift-Dir - straight line, f - catoblepas
Aim: a catoblepas
Okay, then.
You hit the catoblepas but do no damage.
You are engulfed in calcifying dust.
The catoblepas gores you!
* * * LOW HITPOINT WARNING * * *
The catoblepas gores you!!
You die... ▓▓▓▓▓▓▓▓▓▓▓▓▓▓▓▓▓▓▓▓▓▓▓▓ .....oY@§§.)[)..[[()|?.' ▓▓▓▓▓▓▓▓▓▓▓▓▓▓▓▓▓▓▓▓▓▓▓▓

You could see a catoblepas and an orc.

Vanquished Creatures
  A manticore (D)
  A gargoyle (D)
  A basilisk (D)
  An ogre (D)
  2 centaurs (D)
  A hound (D)
  A worker ant (D)
  An adder (D)
  A shadow imp (D)
  2 orcs (D)
  2 bats (D)
  A bat skeleton (D)
  A kobold (D)
  A frilled lizard (D)
  A leopard gecko skeleton (D)
  A rat (D)
19 creatures vanquished.

Vanquished Creatures (others)
  A spatial maelstrom (D)
  A wraith (D)
2 creatures vanquished.

Grand Total: 21 creatures vanquished

Notes
Turn   | Place    | Note
-------+----------+-------------------------------------------
     0 | D        | ICC the Halfling Berserker began the quest for the Orb.
     0 | D        | Reached XP level 1. HP: 15/15 MP: 1/1
     5 | D        | Banished a spatial maelstrom
    10 | D        | Reached ** piety under Trog
    12 | D        | Reached skill level 3 in Dodging
    19 | D        | Noticed an ogre
    19 | D        | Noticed a worker ant
    19 | D        | Noticed a centaur
    25 | D        | Killed a centaur
    25 | D        | Reached *** piety under Trog
    25 | D        | Reached skill level 5 in Fighting
    25 | D        | Reached skill level 5 in Long Blades
    25 | D        | Reached skill level 5 in Dodging
    25 | D        | Reached XP level 2. HP: 24/24 MP: 2/2
    25 | D        | Reached XP level 3. HP: 29/29 MP: 3/3
    25 | D        | Reached XP level 4. HP: 35/35 MP: 4/4
    29 | D        | Reached skill level 6 in Dodging
    29 | D        | Reached XP level 5. HP: 40/40 MP: 5/5
    32 | D        | Killed an ogre
    32 | D        | Reached skill level 7 in Dodging
    32 | D        | Reached XP level 6. HP: 47/47 MP: 6/6
    38 | D        | Found a roughly hewn altar of Beogh.
    38 | D        | Found a snail-covered altar of Cheibriados.
    38 | D        | Found a shadowy altar of Dithmenos.
    38 | D        | Found a white marble altar of Elyvilon.
    38 | D        | Found a blossoming altar of Fedhas.
    38 | D        | Found an opulent altar of Gozag.
    39 | D        | Found a hazy altar of Hepliaklqana.
    40 | D        | Found a viscous altar of Jiyva.
    41 | D        | Found an ancient bone altar of Kikubaaqudgha.
    42 | D        | Found a corrupted altar of Lugonu.
    43 | D        | Found a burning altar of Makhleb.
    44 | D        | Found a sparkling altar of Nemelex Xobeh.
    45 | D        | Found an iron altar of Okawaru.
    46 | D        | Found a stormy altar of Qazlal.
    47 | D        | Found a sacrificial altar of Ru.
    48 | D        | Found a shimmering blue altar of Sif Muna.
    49 | D        | Found a bloodstained altar of Trog.
    50 | D        | Found a hide-covered altar of Uskayaw.
    51 | D        | Found a radiant altar of Vehumet.
    52 | D        | Found an ornate altar of the Wu Jian Council.
    53 | D        | Found a shimmering altar of Xom.
    54 | D        | Found a basalt altar of Yredelemnul.
    55 | D        | Found a glowing silver altar of Zin.
    56 | D        | Found a glowing golden altar of the Shining One.
    91 | D        | Noticed a gargoyle
    93 | D        | Reached **** piety under Trog
   101 | D        | Killed a gargoyle
   101 | D        | Reached skill level 9 in Dodging
   101 | D        | Reached XP level 7. HP: 56/56 MP: 7/7
   111 | D        | Reached ***** piety under Trog
   111 | D        | Received a gift from Trog
   111 | D        | Reached skill level 10 in Dodging
   153 | D        | Noticed a catoblepas
   153 | D        | Noticed a manticore
   153 | D        | Noticed a wraith
   153 | D        | Noticed a basilisk
   171 | D        | Killed a basilisk
   171 | D        | Reached XP level 8. HP: 61/63 MP: 8/8
   179 | D        | Killed a wraith
   179 | D        | Reached skill level 10 in Long Blades
   192 | D        | Killed a manticore
   192 | D        | Reached skill level 5 in Armour
   192 | D        | Reached skill level 11 in Dodging
   195 | D        | Mangled by a catoblepas

Levels and vault maps discovered:
D:        linesprint [early_d, line_temple, items_1, d_10, items_2, lair_1,
          lair_end, items_3, orc_1, orc_end, items_4, d_15, swamp_1, shoals_1,
          snake_1, spider_1, d_20, vaults_1, items_5, swamp_end, shoals_end,
          snake_end, spider_end, vaults_end, d_27, items_6, zot_1, zot_end,
          crypt_end, forest_end, elf_end, slime_end, tomb_end, abyss_end,
          pan_hell_end]

Skill      XL: |  1  2  3  4  5  6  7  8 |
---------------+-------------------------+-----
Fighting       | 5 6 8 9 |  9.8
Dodging        | 5 6 7 9 10 11 | 11.2
Long Blades    | 5 6 7 9 10 | 10.6
Armour         | 3 5 |  5.7

Action                   |  1- 3 |  4- 6 |  7- 9 || total
-------------------------+-------+-------+-------++-------
Melee: Falchion          |    12 |     6 |       ||    18
       Scimitar          |       |     9 |    31 ||    40
Invok: Berserk           |     1 |     1 |     1 ||     3
       Trog's Hand       |       |       |     2 ||     2
  Use: Potion            |     1 |       |       ||     1
 Stab: Petrified         |       |       |     3 ||     3
       Petrifying        |       |       |     1 ||     1
Armor: Animal skin       |     2 |     1 |       ||     3
       Ring mail         |       |       |     6 ||     6
Dodge: Dodged            |    10 |     7 |    17 ||    34
       Rpst.: Falchion   |     3 |     2 |       ||     5
       Scimitar          |       |     2 |     7 ||     9

Table legend:
 A = Non-vault XP
 B = Vault XP
 C = Vault XP percentage of total XP
 D = Non-vault monster count
 E = Vault monster count
 F = Vault count percentage of total count
                 A         B        C        D         E       F
            +---------+---------+-------+---------+---------+-------
      Total |       0 |    1758 | 100.0 |       0 |      20 | 100.0
            +---------+---------+-------+---------+---------+-------
          D |       0 |    1758 | 100.0 |       0 |      20 | 100.0
            +---------+---------+-------+---------+---------+-------
